TOP OF THE 1ST |
Williston Water Wolves batting - Pitching for Butte Copper Kings : LHP John McAnally
|
Pitching: LHP John McAnally
|
|
Batting: SHB Juan Castillo
|
0-0: Ball 1-0: Ball 2-0: Ball 3-0: Base on Balls
|
Batting: RHB Alexis Rendon
|
0-0: Ball 1-0: SINGLE (Groundball, 4MD, EV 102.5 MPH) Juan Castillo to second
|
Batting: RHB Pat Jelks
|
0-0: Ball 1-0: Ball 2-0: Called Strike 2-1: Foul Ball, location: 2F 2-2: Ball 3-2: Base on Balls Juan Castillo to third Alexis Rendon to second
|
Batting: RHB Tom Pagnozzi
|
0-0: Ball 1-0: Called Strike 1-1: Foul Ball, location: 2F 1-2: Ball 2-2: Strikes out swinging
|
Batting: SHB Devon White
|
0-0: Fly out, F6 (Flyball, 6D, EV 80.6 MPH)
|
Batting: RHB Pat Borders
|
0-0: Called Strike 0-1: Fielders Choice at 2nd, 6-4 (Groundball, 6, EV 85.6 MPH)
|
Top of the 1st over - 0 runs, 1 hit, 0 errors, 3 left on base; Williston 0 - Butte 0 |
BOTTOM OF THE 1ST |
Butte Copper Kings batting - Pitching for Williston Water Wolves : RHP Mike Warren
|
Pitching: RHP Mike Warren
|
|
Batting: LHB David Dillard
|
0-0: Ball 1-0: SINGLE (Line Drive, 89M, EV 100.0 MPH)
|
Batting: SHB Pat Bone
|
0-0: Foul Ball, location: 2F 0-1: Ball 1-1: Ball 2-1: Fly out, F4 (Popup, 4, EV 67.5 MPH)
|
Batting: RHB Robert McManus
|
0-0: Foul Ball, location: 2F 0-1: Swinging Strike 0-2: Ball 1-2: Foul Ball, location: 2F 1-2: Fly out, F9 (Flyball, 9LM, EV 90.6 MPH)
|
Batting: RHB William Allen
|
0-0: Ball 1-0: Called Strike 1-1: Ball 2-1: Called Strike 2-2: Ball 3-2: Foul Ball, location: 2F 3-2: Strikes out swinging
|
Bottom of the 1st over - 0 runs, 1 hit, 0 errors, 1 left on base; Williston 0 - Butte 0 |
TOP OF THE 2ND |
Williston Water Wolves batting - Pitching for Butte Copper Kings : LHP John McAnally
|
Batting: LHB John Mitchell
|
0-0: Called Strike 0-1: Called Strike 0-2: Ball 1-2: Ball 2-2: Foul Ball, location: 2F 2-2: Ball 3-2: Foul Ball, location: 2F 3-2: Strikes out swinging
|
Batting: RHB Jeff Hamilton
|
0-0: TRIPLE (Flyball, 78XD, EV 108.1 MPH) Hidden ball trick at third base, runner out!
|
Batting: RHB Jose Lind
|
0-0: Ground out 6-3 (Groundball, 6MS, EV 91.9 MPH)
|
Top of the 2nd over - 0 runs, 1 hit, 0 errors, 0 left on base; Williston 0 - Butte 0 |
BOTTOM OF THE 2ND |
Butte Copper Kings batting - Pitching for Williston Water Wolves : RHP Mike Warren
|
Batting: RHB Keith Komeiji
|
0-0: Ball 1-0: Ball 2-0: Ball 3-0: Called Strike 3-1: Base on Balls
|
Batting: LHB Colin Sullivan
|
0-0: Called Strike 0-1: Ball 1-1: Ball 2-1: DOUBLE (Groundball, 5L, EV 100.6 MPH) Keith Komeiji to third
|
Batting: RHB Edwin Ortiz
|
0-0: Ball Wild Pitch! Keith Komeiji scores Colin Sullivan to third 1-0: Ball 2-0: Ball 3-0: Fly out, F8 (Line Drive, 8RD, EV 97.5 MPH) Runner from 3rd tags up, SCORES, no throw by CF
|
Batting: RHB Jose Escobar
|
0-0: Ball 1-0: Ball 2-0: Ball 3-0: Called Strike 3-1: Base on Balls
|
Batting: RHB Kenny Clark
|
0-0: Ball 1-0: Ball 2-0: Called Strike 2-1: Called Strike 2-2: Foul Ball, location: 2F 2-2: Grounds into double play, 5-4-3 (Groundball, 56, EV 101.9 MPH)
|
Bottom of the 2nd over - 2 runs, 1 hit, 0 errors, 0 left on base; Williston 0 - Butte 2 |
TOP OF THE 3RD |
Williston Water Wolves batting - Pitching for Butte Copper Kings : LHP John McAnally
|
Batting: SHB Juan Castillo
|
0-0: Called Strike 0-1: Called Strike 0-2: Ground out 5-3 (Groundball, 5S, EV 85.6 MPH)
|
Batting: RHB Alexis Rendon
|
0-0: Ball 1-0: Ground out U3 (Groundball, 34, EV 97.5 MPH)
|
Batting: RHB Pat Jelks
|
0-0: Ball 1-0: Ball 2-0: Fly out, F6 (Flyball, 56D, EV 77.5 MPH)
|
Top of the 3rd over - 0 runs, 0 hits, 0 errors, 0 left on base; Williston 0 - Butte 2 |
BOTTOM OF THE 3RD |
Butte Copper Kings batting - Pitching for Williston Water Wolves : RHP Mike Warren
|
Batting: LHB David Dillard
|
0-0: Swinging Strike 0-1: Foul Ball, location: 2F 0-2: Strikes out swinging
|
Batting: SHB Pat Bone
|
0-0: Ball 1-0: Ball 2-0: Foul Ball, location: 2F 2-1: Foul Ball, location: 2F 2-2: Strikes out swinging
|
Batting: RHB Robert McManus
|
0-0: Ball 1-0: Ball 2-0: Ball 3-0: Called Strike 3-1: Called Strike 3-2: Foul Ball, location: 2F 3-2: Strikes out swinging
|
Bottom of the 3rd over - 0 runs, 0 hits, 0 errors, 0 left on base; Williston 0 - Butte 2 |
TOP OF THE 4TH |
Williston Water Wolves batting - Pitching for Butte Copper Kings : LHP John McAnally
|
Batting: RHB Tom Pagnozzi
|
0-0: Ball 1-0: Ball 2-0: Called Strike 2-1: Called Strike 2-2: Strikes out swinging
|
Batting: SHB Devon White
|
0-0: Ball 1-0: Foul Ball, location: 2F 1-1: SINGLE (Groundball, 56S, EV 69.4 MPH) (infield hit)
|
Batting: RHB Pat Borders
|
0-0: Called Strike 0-1: Ball 1-1: Fly out, F9 (Flyball, 89S, EV 76.3 MPH)
|
Batting: LHB John Mitchell
|
0-0: Ball 1-0: Called Strike 1-1: Ball 2-1: Ball 3-1: Fly out, F7 (Flyball, 78M, EV 90.0 MPH)
|
Top of the 4th over - 0 runs, 1 hit, 0 errors, 1 left on base; Williston 0 - Butte 2 |
BOTTOM OF THE 4TH |
Butte Copper Kings batting - Pitching for Williston Water Wolves : RHP Mike Warren
|
Batting: RHB William Allen
|
0-0: Called Strike 0-1: Swinging Strike 0-2: Ground out 4-3 (Groundball, 4, EV 93.1 MPH)
|
Batting: RHB Keith Komeiji
|
0-0: Ball 1-0: Called Strike 1-1: Swinging Strike 1-2: Fly out, F7 (Flyball, 7LS, EV 90.0 MPH)
|
Batting: LHB Colin Sullivan
|
0-0: Foul Ball, location: 2F 0-1: Called Strike 0-2: Ball 1-2: Ball 2-2: Ball 3-2: Fly out, F5 (Popup, 25F, EV 85.6 MPH)
|
Bottom of the 4th over - 0 runs, 0 hits, 0 errors, 0 left on base; Williston 0 - Butte 2 |
TOP OF THE 5TH |
Williston Water Wolves batting - Pitching for Butte Copper Kings : LHP John McAnally
|
Batting: RHB Jeff Hamilton
|
0-0: Ball 1-0: Fly out, F4 (Popup, 4M, EV 73.1 MPH)
|
Batting: RHB Jose Lind
|
0-0: Called Strike 0-1: Called Strike 0-2: Ball 1-2: Fly out, F9 (Flyball, 9S, EV 86.3 MPH)
|
Batting: SHB Juan Castillo
|
0-0: Swinging Strike 0-1: Called Strike 0-2: Strikes out looking
|
Top of the 5th over - 0 runs, 0 hits, 0 errors, 0 left on base; Williston 0 - Butte 2 |
BOTTOM OF THE 5TH |
Butte Copper Kings batting - Pitching for Williston Water Wolves : RHP Mike Warren
|
Batting: RHB Edwin Ortiz
|
0-0: SINGLE (Line Drive, 78M, EV 93.1 MPH)
|
Batting: RHB Jose Escobar
|
0-0: Ball 1-0: Ball 2-0: Fly out, F8 (Flyball, 8LS, EV 90.6 MPH)
|
Batting: RHB Kenny Clark
|
0-0: Ball 1-0: Ball 2-0: Ball 3-0: Base on Balls Edwin Ortiz to second
|
Batting: LHB David Dillard
|
0-0: Ball 1-0: Called Strike 1-1: Ball 2-1: Fielders Choice at 2nd, 3-6 (Groundball, 3, EV 82.5 MPH) Edwin Ortiz to third
|
Batting: SHB Pat Bone
|
0-0: Swinging Strike 0-1: Ball 1-1: Ball 2-1: 3-RUN HOME RUN (Flyball, 9LD, EV 94.4 MPH), Distance : 370 ft
|
Batting: RHB Robert McManus
|
0-0: Called Strike 0-1: Ball 1-1: Called Strike 1-2: Ball 2-2: Ball 3-2: Ground out 4-3 (Groundball, 4M, EV 105.6 MPH)
|
Bottom of the 5th over - 3 runs, 2 hits, 0 errors, 0 left on base; Williston 0 - Butte 5 |
TOP OF THE 6TH |
Williston Water Wolves batting - Pitching for Butte Copper Kings : LHP John McAnally
|
Batting: RHB Alexis Rendon
|
0-0: Ball 1-0: SINGLE (Groundball, 34S, EV 76.9 MPH) (infield hit)
|
Batting: RHB Pat Jelks
|
0-0: Foul Ball, location: 2F 0-1: Ball 1-1: Fly out, F6 (Popup, 6M, EV 55.0 MPH)
|
Batting: RHB Tom Pagnozzi
|
0-0: Ball 1-0: Ball 2-0: DOUBLE (Line Drive, 9LD, EV 108.8 MPH) Alexis Rendon to third
|
Pitching: LHP Kenneth Stelly
|
|
Batting: SHB Devon White
|
0-0: Ball 1-0: Ball 2-0: Ball 3-0: Base on Balls
|
Batting: RHB Pat Borders
|
0-0: Called Strike 0-1: Grounds into double play, 6-4-3 (Groundball, 6, EV 83.1 MPH)
|
Top of the 6th over - 0 runs, 2 hits, 0 errors, 2 left on base; Williston 0 - Butte 5 |
BOTTOM OF THE 6TH |
Butte Copper Kings batting - Pitching for Williston Water Wolves : RHP Mike Warren
|
Batting: RHB William Allen
|
0-0: Swinging Strike 0-1: Foul Ball, location: 2F 0-2: Ball 1-2: Ground out 3-1 (Groundball, 34, EV 110.6 MPH)
|
Batting: RHB Keith Komeiji
|
0-0: Foul Ball, location: 2F 0-1: Fly out, F9 (Flyball, 89D, EV 94.4 MPH)
|
Batting: LHB Colin Sullivan
|
0-0: Fly out, F8 (Flyball, 78D, EV 89.4 MPH)
|
Bottom of the 6th over - 0 runs, 0 hits, 0 errors, 0 left on base; Williston 0 - Butte 5 |
TOP OF THE 7TH |
Williston Water Wolves batting - Pitching for Butte Copper Kings : LHP Kenneth Stelly
|
Batting: LHB John Mitchell
|
0-0: Ball 1-0: Swinging Strike 1-1: Foul Ball, location: 2F 1-2: Ground out 5-3 (Groundball, 15, EV 77.5 MPH)
|
Batting: RHB Jeff Hamilton
|
0-0: Ball 1-0: Ball 2-0: Called Strike 2-1: Ball 3-1: TRIPLE (Flyball, 89XD, EV 105.0 MPH)
|
Batting: RHB Jose Lind
|
0-0: Fly out, F8 (Flyball, 89D, EV 98.1 MPH) Runner from 3rd tags up, OUT at HOME! 8-2
|
Top of the 7th over - 0 runs, 1 hit, 0 errors, 0 left on base; Williston 0 - Butte 5 |
BOTTOM OF THE 7TH |
Butte Copper Kings batting - Pitching for Williston Water Wolves : RHP Mike Warren
|
Pitching: RHP Guy Elston
|
|
Batting: RHB Edwin Ortiz
|
0-0: Foul Ball, location: 2F 0-1: Fly out, F5 (Flyball, 5D, EV 94.4 MPH)
|
Batting: RHB Jose Escobar
|
0-0: Ball 1-0: Ground out 6-3 (Groundball, 6, EV 103.1 MPH)
|
Batting: RHB Kenny Clark
|
0-0: Ball 1-0: Swinging Strike 1-1: Swinging Strike 1-2: Foul Ball, location: 2F 1-2: Ball 2-2: Foul Ball, location: 2F 2-2: Ball 3-2: SINGLE (Flyball, 8RS, EV 90.0 MPH)
|
Batting: LHB David Dillard
|
0-0: Ball Passed Ball! Kenny Clark to second 1-0: Ball 2-0: Ball 3-0: Called Strike 3-1: Base on Balls
|
Batting: SHB Pat Bone
|
0-0: Ball 1-0: Swinging Strike 1-1: 3-RUN HOME RUN (Flyball, 89XD, EV 105.0 MPH), Distance : 407 ft
|
Pinch Hitting: RHB Rafael Castillo
|
0-0: Called Strike 0-1: Called Strike 0-2: Foul Ball, location: 2F 0-2: Ball 1-2: Ball 2-2: Ground out 4-3 (Groundball, 4, EV 80.6 MPH)
|
Bottom of the 7th over - 3 runs, 2 hits, 0 errors, 0 left on base; Williston 0 - Butte 8 |
TOP OF THE 8TH |
Williston Water Wolves batting - Pitching for Butte Copper Kings : LHP Kenneth Stelly
|
Now at 3B: Rafael Castillo
|
|
Batting: SHB Juan Castillo
|
0-0: Ball 1-0: Called Strike 1-1: Fly out, F7 (Line Drive, 7, EV 105.0 MPH)
|
Batting: RHB Alexis Rendon
|
0-0: Called Strike 0-1: Ball 1-1: Ball 2-1: Ball 3-1: SINGLE (Line Drive, 9LS, EV 102.5 MPH)
|
Pitching: RHP Alec McCullock
|
|
Batting: RHB Pat Jelks
|
0-0: Ball 1-0: Foul Ball, location: 2F 1-1: Ball 2-1: Foul Ball, location: 2F 2-2: Ball 3-2: Foul Ball, location: 2F 3-2: Foul Ball, location: 2F 3-2: Base on Balls Alexis Rendon to second
|
Batting: RHB Tom Pagnozzi
|
0-0: Fielders Choice at 2nd, 3-6 (Groundball, 3, EV 84.4 MPH) Alexis Rendon to third
|
Batting: SHB Devon White
|
0-0: Ball 1-0: Ball 2-0: Called Strike 2-1: Ball 3-1: Called Strike 3-2: SINGLE (Groundball, 56S, EV 63.1 MPH) (infield hit) Alexis Rendon scores Tom Pagnozzi to second
|
Batting: RHB Pat Borders
|
0-0: Ball 1-0: SINGLE (Groundball, 4MD, EV 106.3 MPH) Tom Pagnozzi to third Devon White to second Runner from 3rd tries for Home, SAFE, throw by CF to home
|
Batting: LHB John Mitchell
|
0-0: Called Strike 0-1: Ball 1-1: Ball 2-1: Foul Ball, location: 2F 2-2: Foul Ball, location: 2F 2-2: Fielders Choice at 2nd, 6-4 (Groundball, 6, EV 85.0 MPH)
|
Top of the 8th over - 2 runs, 3 hits, 0 errors, 2 left on base; Williston 2 - Butte 8 |
BOTTOM OF THE 8TH |
Butte Copper Kings batting - Pitching for Williston Water Wolves : RHP Guy Elston
|
Batting: RHB William Allen
|
0-0: Ball 1-0: Ball 2-0: Ball 3-0: Base on Balls
|
Batting: RHB Keith Komeiji
|
0-0: Foul Ball, location: 2F 0-1: Reached on error, E6 (Groundball, 6, EV 87.5 MPH) William Allen to second
|
Batting: LHB Colin Sullivan
|
0-0: 3-RUN HOME RUN (Flyball, 78XD, EV 113.8 MPH), Distance : 390 ft
|
Pitching: LHP David Wick
|
|
Pinch Hitting: RHB Dana Robinson
|
0-0: Called Strike 0-1: Ball 1-1: Called Strike 1-2: Strikes out looking
|
Pinch Hitting: RHB Jose Diaz
|
0-0: Ball 1-0: Ball 2-0: Foul Ball, location: 2F 2-1: Foul Ball, location: 2F 2-2: Fly out, F2 (Popup, 3SF, EV 87.5 MPH)
|
Pinch Hitting: RHB Milciades Navoa
|
0-0: Ball 1-0: Called Strike 1-1: Called Strike 1-2: Strikes out swinging
|
Bottom of the 8th over - 3 runs, 1 hit, 1 error, 0 left on base; Williston 2 - Butte 11 |
TOP OF THE 9TH |
Williston Water Wolves batting - Pitching for Butte Copper Kings : RHP Alec McCullock
|
Pitching: RHP Kevin Quirk
|
|
Now at 1B: Angel Morris
|
|
Now at 2B: Milciades Navoa
|
|
Now at SS: Dana Robinson
|
|
Batting: RHB Jeff Hamilton
|
0-0: Ball 1-0: Called Strike 1-1: Fly out, F8 (Flyball, 8RM, EV 84.4 MPH)
|
Batting: RHB Jose Lind
|
0-0: Ball 1-0: Fly out, F8 (Line Drive, 8LM, EV 90.6 MPH)
|
Now in CF: Anthony Delancey
|
|
Pinch Hitting: RHB Arturo Samaniego
|
0-0: Ball 1-0: Swinging Strike 1-1: Swinging Strike 1-2: Strikes out swinging
|
Top of the 9th over - 0 runs, 0 hits, 0 errors, 0 left on base; Williston 2 - Butte 11 |
|